 Dungeon Crawl Stone Soup version 0.32-a0-686-gc880bc2 (webtiles) character file.

Game seed: 9197042594584399246

2002 Toastz the Mimic (level 9, -1/58 HPs)
             Began as an Octopode Shapeshifter on Mar 12, 2024.
             Was a Follower of Yredelemnul.
             Slain by a killer bee (6 damage)
             ... on level 6 of the Dungeon.
             The game lasted 00:13:04 (5060 turns).

Toastz the Mimic (Octopode Shapeshifter)            Turns: 5060, Time: 00:13:05

Health: -1/58      AC:  1    Str: 18    XL:     9   Next: 22%
Magic:  9/9        EV: 18    Int: 12    God:    Yredelemnul [*.....]
Gold:   192        SH:  0    Dex: 11    Spells: 8/8 levels left

rFire   . .          .
                       - Unarmed
rCold   . . .        (shield currently unavailable)
rNeg    . . .        n - +0 hat
rPois   .            (no amulet)
rElec   .            (no ring)
rCorr   .            (no ring)
SInv    .            (no ring)
Will    .....        (no ring)
Stlth   +            (no ring)
HPRegen 0.29/turn    (no ring)
MPRegen 0.11/turn    (no ring)
                     (no ring)

%: no passive effects
@: lethally poisoned (-1 -> -3), flux-form, glowing
A: glow, contaminating, almost no armour, amphibious, 8 rings, camouflage 1,
gelatinous body 1, (nimble swimmer 1), tentacles
a: Begin Untransformation, Renounce Religion, Light the Black Torch, Recall
Undead Harvest


You were on level 6 of the Dungeon.
You worshipped Yredelemnul.
Yredelemnul was noncommittal.
You were something dangerously unstable.
You visited 1 branch of the dungeon, and saw 6 of its levels.

You collected 192 gold pieces.

Inventory:

Missiles
 s - 4 poisoned darts (quivered)
 w - a throwing net
Armour
 n - a +0 hat (worn)
Talismans
 b - a beast talisman
 c - a flux talisman (active)
Wands
 x - a wand of polymorph (9)
Scrolls
 d - 2 scrolls of poison {unknown}
 e - a scroll of enchant armour {unknown}
 g - a scroll of noise
 i - a scroll of brand weapon {unknown}
 j - a scroll of teleportation
 k - 2 scrolls of revelation {unknown}
 o - a scroll of fear {unknown}
 r - a scroll of silence
 t - a scroll of blinking {unknown}
 u - a scroll of butterflies
 y - a scroll of fog {unknown}
Potions
 a - a potion of lignification
 f - 2 potions of curing {unknown}
 h - a potion of might {unknown}
 l - 3 potions of brilliance
 m - 2 potions of mutation {unknown}
 p - a potion of heal wounds {unknown}
 q - a potion of invisibility {unknown}
 v - 2 potions of magic {unknown}
 z - a potion of ambrosia {unknown}
 A - a potion of cancellation {unknown}


   Skills:
 + Level 4.2 Fighting
 + Level 4.6 Dodging
 * Level 6.8 Unarmed Combat
 + Level 8.0 Shapeshifting


You had 8 spell levels left.
You didn't know any spells.
Your spell library contained the following spells:

 Spells                   Type           Power      Damage    Failure   Level
 Scorch                   Fire           0%         2d5       45%         2
 Ozocubu's Armour         Ice            0%         N/A       69%         3
 Stone Arrow              Conj/Erth      0%         3d7       69%         3
 Volatile Blastmotes      Fire/Tloc      0%         2d10      69%         3
 Silence                  Hex/Air        0%         N/A       100%        5
 Maxwell's Capacitive Co  Air            0%         ∞         100%        8


Dungeon Overview and Level Annotations

Branches:
Dungeon (6/15)             Temple (0/1) D:6

Altars:
Ru
Trog
Wu Jian
Yredelemnul

Shops:
D:1 (

Annotations:
D:6 Grinder


Innate Abilities, Weirdness & Mutations

You are something dangerously unstable.
You glow with magical radiation, making you easy to see and hit.
Foes you strike become dangerously contaminated with magical radiation.
You are incapable of wielding weapons or throwing items.
You cannot wear most types of armour.
You are amphibious.
You can wear up to eight rings at the same time.
Your skin changes colour to match your surroundings (Stealth+).
Your rubbery body absorbs attacks. (AC +1, EV +1)
((You are camouflaged when in or above water. (Stealth+)))
You have tentacles for arms and can constrict up to eight enemies at once.


Message History

You barely miss the killer bee. Your grab misses the killer bee.
The killer bee stings your ice beast zombie.
The killer bee completely misses you.
The killer bee stings you but does no damage.
You feel sick.
You are no longer poisoned.
The killer bee stings your ice beast zombie but does no damage.
The killer bee barely misses you. x2
Your ice beast zombie misses the killer bee.
The killer bee stings you. The killer bee misses you.
Your ice beast zombie hits the killer bee but does no damage.
The killer bee completely misses you.
The killer bee attacks as it pursues you!
The killer bee barely misses you. The killer bee closely misses you.
The killer bee stings you. The killer bee misses you.
The killer bee stings you.
You are poisoned.
The killer bee poisons you!
Your ice beast zombie misses the killer bee.
You feel very sick.
The killer bee attacks as it pursues you!
The killer bee misses you. x2
The bombardier beetle waves its antennae.
You feel sick.
You feel sick.
The killer bee attacks as it pursues you!
The killer bee completely misses you. The killer bee misses you.
You tentacle-slap the killer bee.
The killer bee begins to glow.
Your grab misses the killer bee. You squeeze the killer bee.
The killer bee is heavily wounded.
You feel sick. The killer bee stings you!
* * * LOW HITPOINT WARNING * * *
Grinder comes into view.
The killer bee stings you.
* * * LOW HITPOINT WARNING * * *
You closely miss the killer bee. You grab the killer bee.
The killer bee is heavily wounded.
You constrict the killer bee.
You feel sick. The killer bee stings you.
You die...
Your body rises from the dead as a mindless zombie.

##......##.#.......#
#......##...#?..#.#
###......####..#.#..#
.........# #...>...#
##......# #..#.#..##
# #......# #.#..o#..#
. ##....##
#...y....###?## .
#....#
##.###.........
.###....#
#yypZ.B......#
....#.#.#
#####5.#.#.#.# #.
#.###.#.# #.........
[... ...##.###
#..#.#.#.# #>#.#
#..#...#
###............
##.#.§.#
#.#.#.#f#.#.# ###...#
..y........ #._.#
#.#.#.#.# #...#
####y....#


You could see Grinder, a bombardier beetle, 2 killer bees and a friendly ice
beast zombie.

Vanquished Creatures
  Pikel (D:5)
  Sigmund (D:3)
  Eustachio (D:5)
  A black bear (D:4)
  An ice beast (D:6)
  A sky beast (D:6)
  An ogre (D:4)
  3 scorpions
  Dowan (D:5)
  3 killer bees (D:6)
  A howler monkey (D:4)
  A gnoll bouda (D:4)
  3 jellies
  An iguana (D:4)
  An orc wizard (D:3)
  9 gnolls (D:4)
  7 adders
  A white imp (D:6)
  A ribbon worm (D:2)
  3 dart slugs
  2 orcs (D:3)
  7 ball pythons
  8 endoplasms
  8 giant cockroaches
  7 goblins
  11 hobgoblins
  12 jackals
  7 kobolds
  8 quokkas
  5 bats
  6 frilled lizards
  7 rats
130 creatures vanquished.

Vanquished Creatures (collateral kills)
  Duvessa (D:5)
1 creature vanquished.

Vanquished Creatures (others)
  A black bear zombie (D:4)
  A killer bee zombie (D:6)
  A sky beast zombie (D:6)
  An elf zombie (D:5)
  A human zombie (D:5)
  A jelly zombie (D:6)
  A spectral white imp (D:6)
  A ball python zombie (D:4)
  An endoplasm zombie (D:4)
  4 gnoll zombies (D:4)
13 creatures vanquished.

Grand Total: 144 creatures vanquished

Notes
Turn   | Place    | Note
-------+----------+-------------------------------------------
     0 | D:1      | Toastz the Octopode Shapeshifter began the quest for the
                  | Orb.
     0 | D:1      | Reached XP level 1. HP: 13/13 MP: 1/1
   136 | D:1      | Reached XP level 2. HP: 18/18 MP: 2/2
   216 | D:1      | Found Alen's Weapon Emporium.
   248 | D:1      | Found a faded altar of an unknown god.
   448 | D:1      | Reached XP level 3. HP: 23/23 MP: 3/3
   479 | D:1      | Reached skill level 4 in Shapeshifting
   598 | D:1      | Got the Atlas of the Overcast Glacier
  1131 | D:2      | Reached XP level 4. HP: 23/28 MP: 4/4
  1618 | D:2      | Reached skill level 5 in Shapeshifting
  1756 | D:3      | Noticed a scorpion
  1826 | D:3      | Noticed Sigmund
  1846 | D:3      | Killed Sigmund
  1847 | D:3      | Reached skill level 6 in Shapeshifting
  1847 | D:3      | Reached XP level 5. HP: 29/33 MP: 5/5
  1847 | D:3      | Reached XP level 6. HP: 34/38 MP: 6/6
  2432 | D:3      | Reached skill level 7 in Shapeshifting
  2601 | D:4      | Reached XP level 7. HP: 41/43 MP: 7/7
  2873 | D:4      | Found a basalt altar of Yredelemnul.
  2874 | D:4      | Found an ornate altar of the Wu Jian Council.
  2874 | D:4      | Found a sacrificial altar of Ru.
  2890 | D:4      | Became a worshipper of Yredelemnul the Fallen
  3314 | D:4      | HP: 2/45 [ogre/+0 giant spiked club (36)]
  3316 | D:4      | Reached XP level 8. HP: 3/51 MP: 8/8
  3697 | D:5      | Entered Level 5 of the Dungeon
  3806 | D:5      | Noticed Eustachio
  3811 | D:5      | Killed Eustachio
  3843 | D:5      | Noticed Pikel
  3860 | D:5      | Killed Pikel
  3860 | D:5      | Reached * piety under Yredelemnul
  3861 | D:5      | Reached skill level 5 in Unarmed Combat
  4287 | D:5      | Noticed Duvessa
  4289 | D:5      | Noticed Dowan
  4290 | D:5      | Your ally Eustachio died
  4293 | D:5      | Killed Duvessa
  4299 | D:5      | Your ally Duvessa died
  4308 | D:5      | Killed Dowan
  4751 | D:6      | Got the Compilation of Blasting and Ignition
  4777 | D:6      | Reached XP level 9. HP: 20/58 MP: 9/9
  4937 | D:6      | Reached skill level 8 in Shapeshifting
  5010 | D:6      | Found a bloodstained altar of Trog.
  5029 | D:6      | Found a staircase to the Ecumenical Temple.
  5059 | D:6      | Noticed Grinder
  5060 | D:6      | Slain by a killer bee

Illustrated notes

Levels and vault maps discovered:
D:1:      dpeg_arrival_boxorama, layout_basic, serial_shops,
          nicolae_shop_bloodbath_and_beyond,
          shapermc_ecumenical_altar_mp_highgroup, minmay_tall_x
D:2:      layout_basic
D:3:      layout_rooms, nicolae_half_adder, uniq_sigmund
D:4:      layout_loops_cross, chequers_temple_overflow_statue_of_worship,
          minmay_cut_off
D:5:      layout_loops_cross, nrook_pool_corridor, minmay_misc_feat_room,
          nicolae_the_louvre, uniq_pikel, uniq_duvessa, uniq_eustachio
D:6:      layout_basic, trog_book, minmay_temple_entry_crystal_x, st_stairs_12,
          uniq_grinder

Skill      XL: |  1  2  3  4  5  6  7  8  9 |
---------------+----------------------------+-----
Shapeshifting  | 4 6 7 8 |  8.0
Fighting       | 2 3 4 |  4.2
Unarmed Combat | 4 6 |  6.8
Dodging        | 3 4 |  4.6

Action                     |  1- 3 |  4- 6 |  7- 9 || total
---------------------------+-------+-------+-------++-------
  Melee: Unarmed           |    67 |    97 |   120 ||   284
         Constrict         |    18 |    28 |    34 ||    80
         Tentacles         |    13 |    15 |    38 ||    66
         Punch             |     4 |     2 |     1 ||     7
 Invoke: Light the Black T |       |       |     3 ||     3
         Recall Undead Har |       |       |     1 ||     1
    Use: Scroll            |       |     3 |     5 ||     8
         Potion            |       |       |     1 ||     1
   Stab: Sleeping          |     8 |     4 |     2 ||    14
         Distracted        |       |       |     1 ||     1
 Armour: Skin              |    28 |    40 |    60 ||   128
  Dodge: Dodged            |    43 |    53 |   115 ||   211
   Form: Flux              |       |     2 |       ||     2
         Beast             |       |     1 |       ||     1

Table legend: (Time is in decaauts)
 A = Elapsed time spent in this place.
 B = Non-inter-level travel time spent in this place.
 C = Inter-level travel time spent in this place.
 D = Time resting spent in this place.
 E = Time spent auto-exploring this place.
 F = Levels seen in this place.
 G = Mean time per level.
                   A        B        C        D        E       F      G
               +--------+--------+--------+--------+--------+-----+--------+
         Total |   5041 |   4814 |    227 |   1233 |   2551 |   6 |  840.2 |
       Dungeon |   5041 |   4814 |    227 |   1233 |   2551 |   6 |  840.2 |
               +--------+--------+--------+--------+--------+-----+--------+

Top non-repeatable levels by time:
     D:4: 1136 daAuts
     D:2: 935 daAuts
     D:5: 906 daAuts
     D:1: 847 daAuts
     D:3: 765 daAuts
     D:6: 449 daAuts
